 Dungeon Crawl Stone Soup version 0.21.1-1-g345015f (webtiles) character file.

648 kae the Cudgeler (level 7, -1/54 HPs)
             Began as a Demonspawn Gladiator on May 30, 2018.
             Was an Initiate of Ru.
             Slain by Grinder (6 damage)
             ... while paralysed by Grinder
             ... on level 5 of the Dungeon.
             The game lasted 00:04:31 (5393 turns).

kae the Cudgeler (Demonspawn Gladiator)             Turns: 5393, Time: 00:04:31

Health: -1/54      AC:  5    Str: 16    XL:     7   Next: 27%
Magic:  7/7        EV:  2    Int:  9    God:    Ru [......]
Gold:   171        SH:  0    Dex: 15    Spells: 6/6 levels left

rFire    . . .     SeeInvis .   a - +0 flail
rCold    + . .     Gourm    .   p - +0 large shield
rNeg     . . .     Faith    .   b - +0 leather armour
rPois    .         Spirit   .   c - +0 helmet
rElec    .         Reflect  .   (no cloak)
rCorr    +         Harm     .   (no gloves)
MR       .....                  A - +0 pair of boots
Stlth    +.........             (no amulet)
HPRegen  0.18/turn              h - +4 ring of slaying (curse)
MPRegen  0.10/turn              l - ring of resist corrosion (curse)

@: paralysed
A: talons 1, cold resistance 1
a: Renounce Religion


You were on level 5 of the Dungeon.
You worshipped Ru.
Ru was noncommittal.
You were very hungry.

You visited 2 branches of the dungeon, and saw 6 of its levels.

You collected 171 gold pieces.

Inventory:

Hand Weapons
 a - a +0 flail (weapon)
Missiles
 d - 5 throwing nets (quivered)
Armour
 b - a +0 leather armour (worn)
 c - a +0 helmet (worn)
 p - a +0 large shield (worn)
 A - a +0 pair of boots (worn)
Jewellery
 h - a cursed +4 ring of slaying (left hand)
 l - a cursed ring of resist corrosion (right hand)
 n - an uncursed ring of fire
 q - an uncursed ring of flight
Wands
 y - a wand of digging (14)
Scrolls
 e - a scroll of random uselessness {unknown}
 g - a scroll of noise {unknown}
 i - 2 scrolls of remove curse {unknown}
 k - 6 scrolls of identify
 o - a scroll of magic mapping {unknown}
 s - a scroll of teleportation {unknown}
 v - 4 scrolls of amnesia {unknown}
 w - a scroll of enchant weapon {unknown}
 B - a scroll of enchant armour {unknown}
Potions
 j - a potion of magic
 m - 2 potions of heal wounds
 r - a potion of agility
 t - a potion of berserk rage
 x - a potion of flight
 z - 2 potions of lignification
Books
 u - a book of Minor Magic

   Spells                             Type                      Level
   a - Magic Dart                     Conjuration                  1
   b - Blink                          Translocation                2
   c - Call Imp                       Summoning                    2
   d - Slow                           Hexes                        2
   e - Conjure Flame                  Conjuration/Fire             3
   f - Mephitic Cloud                 Conjuration/Poison/Air       3
Comestibles
 f - 5 rations


   Skills:
 + Level 4.1 Fighting
 * Level 5.3 Maces & Flails
 - Level 1.7 Throwing
 + Level 2.6 Armour
 + Level 4.2 Dodging
 + Level 0.3 Shields


You had 6 spell levels left.
You didn't know any spells.

Dungeon Overview and Level Annotations

Branches:
Dungeon (5/15)             Temple (1/1) D:5

Altars:
Ashenzari
Dithmenos
Fedhas
Hepliaklqana
Kikubaaqudgha
Makhleb
Nemelex Xobeh
Okawaru
Qazlal
Ru
Sif Muna
Trog
Uskayaw
Vehumet
Xom
Yredelemnul
The Shining One

Shops:
D:4 }

Annotations:
D:5 Grinder


Innate Abilities, Weirdness & Mutations

You have sharp toenails.
Your flesh is cold resistant. (rC+)


Message History

You hit the ooze.
You kill the ooze!
You closely miss Grinder.
Grinder is severely wounded.
Grinder gestures at you. You resist with significant effort.
You are feeling very hungry.
You hit Grinder.
Grinder is almost dead.
Grinder hits you.
You writhe in agony.
Grinder gestures at you.
You suddenly lose the ability to move!
Grinder hits you!
* * * LOW HITPOINT WARNING * * *
You writhe in agony.
* * * LOW HITPOINT WARNING * * *
Grinder hits you.
* * * LOW HITPOINT WARNING * * *
You writhe in agony.
You die...

## ##. ##.. ##...
##...# ### #...##
##@### ##..##
##.5..####
###..##
#........###...##
#...####.......##
#..>## ###....##
...# ###### ...#
..#


You could see Grinder.

Vanquished Creatures
  2 ogres
  A bullfrog zombie (D:5)
  A bullfrog skeleton (D:4)
  A hound (D:4)
  An orc wizard (D:2)
  An iguana (D:5)
  3 worker ants (D:4)
  A hound zombie (D:5)
  A hound skeleton (D:5)
  4 gnolls (D:3)
  A howler monkey skeleton (D:5)
  7 adders
  An ooze (D:5)
  2 worms
  A dart slug (D:1)
  5 leopard geckos
  13 orcs
  6 bats
  5 giant cockroaches
  5 hobgoblins
  6 jackals
  6 kobolds
  3 quokkas
  3 ball pythons
  8 frilled lizards
  9 goblins
  4 rats
101 creatures vanquished.

Notes
Turn   | Place    | Note
-------+----------+-------------------------------------------
     0 | D:1      | kae the Demonspawn Gladiator began the quest for the Orb.
     0 | D:1      | Reached XP level 1. HP: 16/16 MP: 1/1
    92 | D:1      | Reached skill level 3 in Maces & Flails
    92 | D:1      | Gained mutation: You have sharp toenails. [demonic ancestry]
    92 | D:1      | Reached XP level 2. HP: 19/22 MP: 2/2
   419 | D:1      | Gained mutation: Your flesh is cold resistant. (rC+) [demonic ancestry]
   419 | D:1      | Reached XP level 3. HP: 27/28 MP: 3/3
  1022 | D:2      | Found a faded altar of an unknown god.
  1204 | D:2      | Reached XP level 4. HP: 33/34 MP: 4/4
  1754 | D:3      | Reached skill level 1 in Armour
  1829 | D:3      | Found a sparkling altar of Nemelex Xobeh.
  2307 | D:3      | Reached skill level 4 in Maces & Flails
  2307 | D:3      | Reached XP level 5. HP: 19/41 MP: 5/5
  3387 | D:4      | Noticed an ogre
  3926 | D:4      | Killed an ogre
  3926 | D:4      | Reached XP level 6. HP: 47/47 MP: 6/6
  3972 | D:4      | Found Edixuen's Gadget Boutique.
  4785 | D:5      | Entered Level 5 of the Dungeon
  4791 | D:5      | Reached skill level 5 in Maces & Flails
  4791 | D:5      | Reached XP level 7. HP: 53/53 MP: 7/7
  4806 | D:5      | Found a staircase to the Ecumenical Temple.
  4827 | Temple   | Entered the Ecumenical Temple
  4961 | Temple   | Became a worshipper of Ru the Awakened
  5148 | D:5      | Found a sacrificial altar of Ru.
  5367 | D:5      | Noticed Grinder
  5391 | D:5      | Paralysed by Grinder for 6 turns
  5393 | D:5      | Slain by Grinder

Skill      XL: |  1  2  3  4  5  6  7 |
---------------+----------------------+-----
Maces & Flails | 3 4 5 |  5.3
Dodging        | 3 4 |  4.2
Armour         | 1 2 |  2.6
Fighting       | 3 4 |  4.1
Throwing       | |  1.7
Shields        | |  0.3

Action                   |  1- 3 |  4- 6 |  7- 9 || total
-------------------------+-------+-------+-------++-------
Melee: Flail             |   104 |   169 |    45 ||   318
       Kick              |    16 |    37 |     2 ||    55
  Use: Potion            |       |     6 |       ||     6
       Scroll            |       |     3 |       ||     3
 Stab: Sleeping          |     1 |       |       ||     1
  Eat: Chunk             |     1 |     7 |     2 ||    10
       Ration            |       |     1 |       ||     1
Armor: Leather armour    |    40 |    27 |     9 ||    76
Dodge: Dodged            |    87 |   109 |    18 ||   214
Block: Large shield      |       |       |    19 ||    19
